 Dungeon Crawl Stone Soup version 0.29-a0-393-g47a863cc1b (webtiles) character file.

Game seed: 14262262041944345069

512 happo123 the Ruffian (level 6, 61/61 HPs)
             Began as a Troll Berserker on May 9, 2022.
             Was a Priest of Trog.
             Quit the game on level 4 of the Dungeon.
             The game lasted 00:11:45 (2977 turns).

happo123 the Ruffian (Troll Berserker)              Turns: 2977, Time: 00:11:46

Health: 61/61      AC:  5    Str: 28    XL:     6   Next: 99%
Magic:  5/5        EV: 14    Int:  3    God:    Trog [***...]
Gold:   184        SH:  0    Dex:  9    Spells: 5/5 levels left

rFire   . . .      SeeInvis .     - Unarmed
rCold   . . .      Faith    .   (no shield)
rNeg    . . .      Spirit   .   a - +0 animal skin
rPois   .          Reflect  .   (helmet restricted)
rElec   .          Harm     .   b - +0 cloak
rCorr   .          Rampage  .   (gloves unavailable)
Will    .....                   (boots unavailable)
Stlth   +.........              (no amulet)
HPRegen 1.00/turn               c - +4 ring of evasion
MPRegen 0.09/turn               (no ring)

@: no status effects
A: large, unfitting armour, claws 3, regeneration 1, shaggy fur 1, tough skin 1
a: Renounce Religion, Berserk, Trog's Hand


You were on level 4 of the Dungeon.
You worshipped Trog.
Trog was most pleased with you.
You visited 1 branch of the dungeon, and saw 4 of its levels.

You collected 184 gold pieces.

Inventory:

Missiles
 u - a throwing net (quivered)
Armour
 a - a +0 animal skin (worn)
 b - a +0 cloak (worn)
Jewellery
 c - a +4 ring of evasion (left claw)
 e - a ring of magical power
 r - a ring of poison resistance
 s - a ring of willpower
Scrolls
 d - a scroll of silence {unknown}
 h - a scroll of poison {unknown}
 j - 3 scrolls of teleportation {unknown}
 k - 2 scrolls of amnesia {unknown}
 l - 2 scrolls of identify {unknown}
 p - a scroll of fog {unknown}
 q - a scroll of brand weapon {unknown}
 t - 2 scrolls of summoning {unknown}
Potions
 f - 2 potions of brilliance {unknown}
 g - a potion of heal wounds {unknown}
 i - a potion of might {unknown}
 m - 2 potions of attraction {unknown}
 n - a potion of lignification {unknown}
 o - 2 potions of mutation {unknown}
 v - a potion of invisibility {unknown}


   Skills:
 + Level 3.1 Fighting
 + Level 4.0 Dodging
 + Level 0.6 Stealth
 + Level 6.2 Unarmed Combat


You had 5 spell levels left.
You didn't know any spells.
Your spell library was empty.

Dungeon Overview and Level Annotations

Branches:
Dungeon (4/15)             Temple (0/1) D:4

Altars:
Nemelex Xobeh
Zin

Shops:
D:2 [   D:3 =


Innate Abilities, Weirdness & Mutations

You are too large for most types of armour.
You have claws for hands.
Your natural rate of healing is unusually fast.
You are covered in fur. (AC +1)
You have tough skin. (AC +1)


Message History

A quokka comes into view.
The helpless giant cockroach fails to defend itself.
You mangle the giant cockroach!!
You kill the giant cockroach!
Trog accepts your kill.
You see here a giant cockroach corpse.
You claw the giant cockroach!
You kill the giant cockroach!
Trog accepts your kill.
The quokka bites you but does no damage.
There is a collapsed entrance here.
You see here a giant cockroach corpse.
You closely miss the quokka. The quokka closely misses you.
You closely miss the quokka. The quokka bites you.
You scratch the quokka.
The quokka is heavily wounded.
The quokka bites you.
You scratch the quokka but do no damage.
The quokka is heavily wounded.
The quokka misses you.
You mangle the quokka!!
You kill the quokka!
Trog accepts your kill.
You enter the shallow water.
Moving in this stuff is going to be slow.
You enter the shallow water.
Moving in this stuff is going to be slow.
Sorry, I don't know how to traverse that place.
Sorry, I don't know how to traverse that place.
Sorry, I don't know how to traverse that place.
Sorry, I don't know how to traverse that place.
You enter the shallow water.
Moving in this stuff is going to be slow.
You enter the shallow water.
Moving in this stuff is going to be slow.
There is an open door here.
There is an open door here.
Things that are here:
a +0 short sword; 7 poisoned darts; a kobold corpse Are you sure you want to abandon this character and quit the game? (Confirm with "yes".)

##########.......##.#.#.######
.≈.. #.......##.# #.# ##≈≈
##P≈≈ #.......##.# . ##≈≈≈
#######.......##.#. #..≈≈
#.............##.## #..##
#.......(.....##.# #.≈≈≈
#...######.#####.# ##≈≈. #...#
#.## #.########## ##...# #@.#
#........... #### #....#
##.############### ...###....#
#................ .#..##..#.#
#8)###8(###8.###8
.#......#.####
#################
[##....##....#
##................
.##....##..#.#
#≈≈≈≈≈≈≈≈≈≈≈≈≈≈≈≈≈
..##..##..##.#
#≈≈≈≈≈≈≈≈≈≈≈≈≈≈≈≈≈
..##..##..##.#
##................


There were no monsters in sight!

Vanquished Creatures
  An ice beast (D:4)
  A phantom (D:3)
  A scorpion (D:4)
  An orc priest (D:4)
  A hound (D:4)
  2 iguanas (D:4)
  8 adders
  A gnoll (D:1)
  A white imp (D:4)
  2 dart slugs
  5 orcs
  11 ball pythons
  7 bats
  3 endoplasms
  7 giant cockroaches
  9 goblins
  6 hobgoblins
  10 quokkas
  2 frilled lizards (D:1)
  7 kobolds
  5 rats
91 creatures vanquished.

Vanquished Creatures (others)
  A giant cockroach (D:2)
  7 fungi (D:4)
8 creatures vanquished.

Grand Total: 99 creatures vanquished

Notes
Turn   | Place    | Note
-------+----------+-------------------------------------------
     0 | D:1      | happo123 the Troll Berserker began the quest for the Orb.
     0 | D:1      | Reached XP level 1. HP: 22/22 MP: 0/0
   256 | D:1      | Reached XP level 2. HP: 29/29 MP: 1/1
   491 | D:1      | Reached XP level 3. HP: 36/36 MP: 2/2
   638 | D:1      | Reached ** piety under Trog
   731 | D:2      | Found Cieh's Antique Armour Boutique.
   933 | D:2      | Reached skill level 4 in Unarmed Combat
  1128 | D:2      | Reached XP level 4. HP: 44/44 MP: 3/3
  1469 | D:3      | Found a sparkling altar of Nemelex Xobeh.
  1538 | D:3      | Found Yghexkow's Jewellery Shoppe.
  1653 | D:3      | Found a faded altar of an unknown god.
  1671 | D:3      | Noticed a phantom
  1678 | D:3      | Killed a phantom
  1679 | D:3      | Reached XP level 5. HP: 46/53 MP: 4/4
  1778 | D:3      | Found a glowing silver altar of Zin.
  1810 | D:3      | Reached *** piety under Trog
  1811 | D:3      | Reached skill level 5 in Unarmed Combat
  2047 | D:4      | Noticed an ice beast
  2060 | D:4      | Killed an ice beast
  2061 | D:4      | Reached XP level 6. HP: 61/61 MP: 5/5
  2243 | D:4      | Reached skill level 6 in Unarmed Combat
  2769 | D:4      | Found a staircase to the Ecumenical Temple.
  2977 | D:4      | Quit the game

Illustrated notes

Levels and vault maps discovered:
D:1:      amcnicky_arrival_blooded_trapdoor, layout_basic,
          chequers_serial_rivers_room_b, minmay_misc_feat_enclosed
D:2:      layout_loops_ring, serial_shops, nicolae_shop_window_shopping,
          grunt_ministairs_10, minmay_snake_closets
D:3:      layout_basic, nicolae_overflow_crystal_walls, zin_treasury,
          serial_shops, nicolae_shop_advertising_works
          [nicolae_subvault_shop_adworks], shapermc_ecumenical_altar_acropolis
D:4:      wad_river_or_something, layout_basic, lightli_temple_of_fire,
          minmay_temple_entry_hall, serial_aquarium, aquarium_bridge_square
          [aquarium_subvault_wall, aquarium_subvault_bridge,
          aquarium_subvault_window, aquarium_subvault_wall],
          aquarium_bridge_square [aquarium_subvault_bridge,
          aquarium_subvault_window, aquarium_subvault_bridge,
          aquarium_subvault_balcony], aquarium_window_1, aquarium_window_fake,
          aquarium_window_1, aquarium_view_2c, aquarium_view_2a,
          gup_sewer_entry_pipe, minmay_misc_feat_x

Skill      XL: |  1  2  3  4  5  6 |
---------------+-------------------+-----
Unarmed Combat | 4 5 6 |  6.2
Dodging        | 3 4 |  4.0
Fighting       | 3 |  3.1
Stealth        | |  0.6

Action                   |  1- 3 |  4- 6 || total
-------------------------+-------+-------++-------
Melee: Unarmed           |    83 |   148 ||   231
       Punch             |     1 |       ||     1
Invok: Berserk           |       |     2 ||     2
 Stab: Sleeping          |     1 |     3 ||     4
Armor: Animal skin       |    20 |    32 ||    52
Dodge: Dodged            |    62 |    95 ||   157

Table legend: (Time is in decaauts)
 A = Elapsed time spent in this place.
 B = Non-inter-level travel time spent in this place.
 C = Inter-level travel time spent in this place.
 D = Time resting spent in this place.
 E = Time spent auto-exploring this place.
 F = Levels seen in this place.
 G = Mean time per level.
                   A        B        C        D        E       F      G
               +--------+--------+--------+--------+--------+-----+--------+
         Total |   2981 |   2240 |    741 |      0 |   1666 |   4 |  745.2 |
       Dungeon |   2981 |   2240 |    741 |      0 |   1666 |   4 |  745.2 |
               +--------+--------+--------+--------+--------+-----+--------+

Top non-repeatable levels by time:
     D:4: 1031 daAuts
     D:2: 739 daAuts
     D:1: 713 daAuts
     D:3: 496 daAuts
